 Dungeon Crawl Stone Soup version 0.30-a0-728-gc68057be0a (webtiles) character file.

Game seed: 4888838135228711550

228 testman the Cudgeller (level 5, -4/54 HPs)
             Began as a Troll Berserker on Jan 30, 2023.
             Was a Believer of Trog.
             Slain by Grinder (9 damage)
             ... on level 4 of the Dungeon.
             The game lasted 00:07:31 (2235 turns).

testman the Cudgeller (Troll Berserker)             Turns: 2235, Time: 00:07:32

Health: -4/54      AC:  4    Str: 27    XL:     5   Next: 70%
Magic:  4/4        EV: 15    Int:  3    God:    Trog [**....]
Gold:   156        SH:  0    Dex:  9    Spells: 4/4 levels left

rFire   . . .      SeeInvis .    s - +1 giant club (elec)
rCold   . . .      Faith    +    (shield currently unavailable)
rNeg    . . .      Spirit   .    b - +0 animal skin
rPois   .          Reflect  .    (helmet restricted)
rElec   .          Harm     .    (no cloak)
rCorr   +          Rampage  .    (gloves unavailable)
Will    .....                    (boots unavailable)
Stlth   +                        l - amulet of faith
HPRegen 1.09/turn                k - +5 ring of evasion
MPRegen 0.09/turn                n - ring of resist corrosion

@: lethally poisoned (-4 -> -5), on berserk cooldown, slowed, very slow
A: large, unfitting armour, claws 3, regeneration 1, shaggy fur 1, tough skin 1
a: Renounce Religion, Berserk, Trog's Hand


You were on level 4 of the Dungeon.
You worshipped Trog.
Trog was pleased with you.
You visited 1 branch of the dungeon, and saw 4 of its levels.

You collected 156 gold pieces.

Inventory:

Hand Weapons
 s - a +1 giant club of electrocution (weapon)
Missiles
 o - 4 boomerangs
Armour
 b - a +0 animal skin (worn)
Jewellery
 k - a +5 ring of evasion (left claw)
 l - an amulet of faith (around neck)
 n - a ring of resist corrosion (right claw)
 q - a +6 ring of dexterity
Wands
 c - a wand of iceblast (11)
Scrolls
 h - a scroll of summoning
 m - a scroll of silence
 r - a scroll of vulnerability
Potions
 a - a potion of degeneration {unknown}
 e - a potion of haste {unknown}
 g - 3 potions of curing {unknown}
 i - 2 potions of mutation {unknown}
 j - 2 potions of flight {unknown}
 t - a potion of brilliance {unknown}


   Skills:
 + Level 4.1 Fighting
 + Level 4.5 Maces & Flails
 - Level 2.4 Dodging


You had 4 spell levels left.
You didn't know any spells.
Your spell library contained the following spells:

 Spells                   Type           Power      Damage    Failure   Level
 Scorch                   Fire           0%         2d5       67%         2
 Call Canine Familiar     Summ           0%         N/A       88%         3
 Ozocubu's Armour         Ice            0%         N/A       88%         3
 Portal Projectile        Hex/Tloc       0%         N/A       88%         3
 Flame Wave               Conj/Fire      0%         2d4       99%         4
 Leda's Liquefaction      Hex/Erth       0%         N/A       99%         4
 Simulacrum               Ice/Necr       0%         N/A       100%        6
 Summon Cactus Giant      Summ           0%         N/A       100%        6
 Ozocubu's Refrigeration  Ice            0%         4d7       100%        7


Dungeon Overview and Level Annotations

Branches:
Dungeon (4/15)
 Temple: D:4-7

Altars:
Dithmenos
Kikubaaqudgha
Vehumet

Shops:
D:3 (

Annotations:
D:4 Grinder


Innate Abilities, Weirdness & Mutations

You are too large for most types of armour.
You have claws for hands.
Your natural rate of healing is unusually fast.
You are covered in fur. (AC +1)
You have tough skin. (AC +1)


Message History

You closely miss the scorpion.
Your skin stops crawling.
You feel less strong-willed.
You feel very sick. The scorpion stings you. The scorpion closely misses you.
Grinder blinks!
You barely miss the scorpion.
You feel sick.
You are no longer poisoned.
The scorpion stings you. The scorpion misses you. The scorpion stings you.
You thump the scorpion!
The scorpion is almost dead.
The scorpion closely misses you. The scorpion stings you.
Grinder gestures at you. Pain shoots through your body!
You barely miss the scorpion.
The scorpion is almost dead.
You hear the rusting of a distant drain.
The scorpion barely misses you.
Grinder blinks!
The scorpion closely misses you. Grinder completely misses you.
The scorpion stings you but does no damage.
You barely miss the scorpion.
The scorpion is almost dead.
Grinder hits you. The scorpion stings you.
You are poisoned.
The scorpion poisons you! Grinder hits you.
You writhe in agony.
The scorpion stings you.
You barely miss the scorpion.
The scorpion is almost dead.
You feel very sick. The scorpion closely misses you. Grinder gestures at you.
Pain shoots through your body!
* * * LOW HITPOINT WARNING * * *
The scorpion stings you.
* * * LOW HITPOINT WARNING * * *
Grinder barely misses you. The scorpion stings you.
* * * LOW HITPOINT WARNING * * *
You closely miss the scorpion.
The scorpion is almost dead.
You feel very sick. Grinder hits you!
You die...

.. ... ....#
#.#########... ####
###............ .....
..............#####.....
...#....................
..........##...5.s......
......###...##..@$......
.................######.
)..#######..###### ...#
##.... ...# ###### ...#
####


You could see Grinder and a scorpion.

Vanquished Creatures
  An ogre (D:3)
  A scorpion (D:4)
  A gnoll (D:1)
  An adder (D:4)
  2 worms (D:2)
  A dart slug (D:3)
  An orc (D:3)
  5 bats
  12 endoplasms
  2 giant cockroaches
  6 goblins
  7 hobgoblins
  4 jackals (D:4)
  2 quokkas
  6 ball pythons
  2 frilled lizards (D:1)
  2 kobolds (D:2)
  3 rats
59 creatures vanquished.

Vanquished Creatures (others)
  6 plants (D:3)
6 creatures vanquished.

Grand Total: 65 creatures vanquished

Notes
Turn   | Place    | Note
-------+----------+-------------------------------------------
     0 | D:1      | testman the Troll Berserker began the quest for the Orb.
     0 | D:1      | Reached XP level 1. HP: 22/22 MP: 0/0
    89 | D:1      | Reached XP level 2. HP: 29/29 MP: 1/1
   323 | D:1      | Reached XP level 3. HP: 37/37 MP: 2/2
   519 | D:1      | Reached ** piety under Trog
   994 | D:2      | Found a faded altar of an unknown god.
  1332 | D:3      | Got the Excursus on Frost
  1346 | D:3      | Found a shadowy altar of Dithmenos.
  1369 | D:3      | Found an ancient bone altar of Kikubaaqudgha.
  1395 | D:3      | Found a radiant altar of Vehumet.
  1422 | D:3      | Found Apnauc's Antique Weapon Emporium.
  1425 | D:3      | Reached XP level 4. HP: 45/45 MP: 3/3
  1496 | D:3      | Noticed an ogre
  1506 | D:3      | Killed an ogre
  1507 | D:3      | Reached XP level 5. HP: 54/54 MP: 4/4
  2212 | D:4      | Noticed Grinder
  2235 | D:4      | Slain by Grinder

Illustrated notes

Levels and vault maps discovered:
D:1:      amcnicky_arrival_abandoned_market, layout_basic, chequers_arboretum,
          minmay_hedge_maze, minmay_indecisive_spiral
D:2:      layout_rooms, dreamdust_ecumenical_altar_angels_and_demons
D:3:      layout_loops_cross, mainiacjoe_overflow_catch_the_wave,
          nicolae_kikubaaqudgha_miasma_corner, serial_shops,
          nicolae_shop_competitors_out_of_business, grunt_decor_cap
D:4:      kb_forest_paths, layout_basic, led_sif_book,
          lightli_sewer_entry_pipes, uniq_grinder, uniq_blork_the_orc

Skill      XL: |  1  2  3  4  5 |
---------------+----------------+-----
Maces & Flails | 3 4 |  4.5
Fighting       | 3 4 |  4.1
Dodging        | |  2.4

Action                     |  1- 3 |  4- 6 || total
---------------------------+-------+-------++-------
  Melee: Mace              |   108 |    10 ||   118
         Punch             |     1 |       ||     1
         Giant club        |       |    75 ||    75
 Invoke: Berserk           |     1 |     3 ||     4
         Trog's Hand       |       |     3 ||     3
    Use: Scroll            |       |     7 ||     7
 Armour: Animal skin       |    34 |    31 ||    65
  Dodge: Dodged            |    57 |   101 ||   158

Table legend: (Time is in decaauts)
 A = Elapsed time spent in this place.
 B = Non-inter-level travel time spent in this place.
 C = Inter-level travel time spent in this place.
 D = Time resting spent in this place.
 E = Time spent auto-exploring this place.
 F = Levels seen in this place.
 G = Mean time per level.
                   A        B        C        D        E       F      G
               +--------+--------+--------+--------+--------+-----+--------+
         Total |   2320 |   2196 |    124 |     42 |   1500 |   4 |  580.0 |
       Dungeon |   2320 |   2196 |    124 |     42 |   1500 |   4 |  580.0 |
               +--------+--------+--------+--------+--------+-----+--------+

Top non-repeatable levels by time:
     D:1: 903 daAuts
     D:3: 661 daAuts
     D:2: 446 daAuts
     D:4: 308 daAuts
